 Dungeon Crawl Stone Soup version 0.29.0-4-gdea44cf6ec (webtiles) character file.

Game seed: 10593913655277182288

49 qw the Chopper (level 3, -7/21 HPs)
             Began as a Tengu Warper on Aug 29, 2022.
             Mangled by Terence
             ... wielding a +0 trident
              (8 damage)
             ... on level 2 of the Dungeon.
             The game lasted 00:00:22 (1794 turns).

qw the Chopper (Tengu Warper)                       Turns: 1794, Time: 00:00:23

Health: -7/21      AC:  6    Str: 13    XL:     3   Next: 75%
Magic:  7/7        EV:  9    Int: 13    God:
Gold:   143        SH:  0    Dex: 13    Spells: 6/6 levels left

rFire   . . .      SeeInvis .   Y - +0 hand axe
rCold   . . .      Faith    .   (no shield)
rNeg    . . .      Spirit   .   g - +0 scale mail
rPois   .          Reflect  .   (helmet restricted)
rElec   .          Harm     .   (no cloak)
rCorr   .          Rampage  .   (no gloves)
Will    .....                   (boots unavailable)
Stlth   ..........              (no amulet)
HPRegen 0.07/turn               (no ring)
MPRegen 0.10/turn               (no ring)

@: no status effects
A: beak, talons 3
a: no special abilities


You were on level 2 of the Dungeon.
You visited 1 branch of the dungeon, and saw 2 of its levels.

You collected 143 gold pieces.


Innate Abilities, Weirdness & Mutations

You have a beak for a mouth.
You have claws for feet.


   Skills:
 - Level 2.0 Fighting
 + Level 4.4 Axes
 - Level 1.0 Throwing
 - Level 1.1 Armour
 - Level 2.1 Dodging
 - Level 2.0 Spellcasting
 - Level 2.4 Translocations


You had 6 spell levels left.
You didn't know any spells.
Your spell library contained the following spells:

 Spells                   Type           Power      Damage    Failure   Level
 Blink                    Tloc           14%        N/A       56%         2
 Gell's Gravitas          Tloc           7%         N/A       80%         3
 Lesser Beckoning         Tloc           7%         N/A       80%         3
 Teleport Other           Tloc           7%         N/A       80%         3
 Manifold Assault         Tloc           7%         N/A       100%        5

Inventory:

Hand Weapons
 i - a +0 mace
 Y - a +0 hand axe (weapon)
Armour
 a - a +0 plate armour
 g - a +0 scale mail (worn)
Scrolls
 c - a scroll of poison {unknown}
Potions
 b - a potion of magic {unknown}
 d - a potion of cancellation {unknown}
 e - 2 potions of haste {unknown}
 h - a potion of curing {unknown}
 j - a potion of degeneration {unknown}
 k - a potion of mutation {unknown}

Dungeon Overview and Level Annotations

Branches:
Dungeon (2/15)

Altars:

Annotations:
D:2 Terence


Message History

You start resting.
HP restored.
c - a scroll labelled YTZUHUETSE
Enter note:
Found a stone.
Enter note: Terence the Incautious comes into view.
He is wielding a +0 trident.
Found a flail.
Terence shouts!
1781 ||| Stepping ~*~*~tactically~*~*~ (hiding).
1782 ||| Stepping ~*~*~tactically~*~*~ (hiding).
You start waiting.
Terence is nearby!
Terence hits you from afar with a +0 trident.
Terence hits you with a +0 trident!
You hit Terence.
Terence is moderately wounded.
Terence hits you with a +0 trident.
You hit Terence. You claw Terence, but do no damage.
Terence is moderately wounded.
Terence closely misses you.
You hit Terence. You claw Terence, but do no damage.
Terence is moderately wounded.
Terence hits you with a +0 trident.
You hit Terence. You peck Terence.
Terence is heavily wounded.
Terence hits you with a +0 trident.
You barely miss Terence. You claw Terence.
Terence is heavily wounded.
Terence hits you with a +0 trident.
You hit Terence. You claw Terence. You peck Terence, but do no damage.
Terence is almost dead.
Terence hits you but does no damage.
You hit Terence. You claw Terence, but do no damage. Your peck misses Terence.
Terence is almost dead.
Terence closely misses you.
You closely miss Terence.
Terence is almost dead.
Terence hits you but does no damage. Terence hits you with a +0 trident!
You die...

.# ### ## .#
..## #. .# ...#
#.###.# ...#
######.#...#####
##....
..)...@.........
#### #.@...#
###.### #####
#.# ....#
###.#######
###.#
#.......... #.#
#.#...(.... #.#
#...####### #.#
###.## #.# #...#


You could see Terence.

Vanquished Creatures
  A worm (D:2)
  2 dart slugs (D:1)
  2 bats (D:2)
  4 endoplasms
  7 goblins
  4 hobgoblins (D:1)
  4 jackals (D:1)
  A quokka (D:1)
  4 ball pythons
  2 frilled lizards (D:1)
  3 kobolds (D:1)
  3 rats
37 creatures vanquished.

Notes
Turn   | Place    | Note
-------+----------+-------------------------------------------
     0 | D:1      | qw the Tengu Warper began the quest for the Orb.
     0 | D:1      | Reached XP level 1. HP: 12/12 MP: 4/4
     0 | D:1      | 0 ||| qw: Version: 0.1-a-89-g26bdef1
     0 | D:1      | 0 ||| qw: Game counter: 3554
     0 | D:1      | 0 ||| qw: Always use a shield: true
     0 | D:1      | 0 ||| qw: God list: Okawaru
     0 | D:1      | 0 ||| qw: Allow faded altars: false
     0 | D:1      | 0 ||| qw: Do Orc after D:15 true
     0 | D:1      | 0 ||| qw: Do second Lair branch before Depths: true
     0 | D:1      | 0 ||| qw: Lair rune preference: random
     0 | D:1      | 0 ||| qw: Plans: Normal
     0 | D:1      | 0 ||| PLANNING D:1-11
    11 | D:1      | 11 ||| Stepping ~*~*~tactically~*~*~ (stealth).
    13 | D:1      | 13 ||| Stepping ~*~*~tactically~*~*~ (stealth).
   162 | D:1      | Reached skill level 3 in Axes
   162 | D:1      | Reached XP level 2. HP: 17/17 MP: 6/6
   592 | D:1      | Reached XP level 3. HP: 19/21 MP: 7/7
   640 | D:1      | 640 ||| Stepping ~*~*~tactically~*~*~ (stealth).
   803 | D:1      | 803 ||| DROPPING +0 club.
   885 | D:1      | Reached skill level 4 in Axes
  1103 | D:1      | 1103 ||| Stepping ~*~*~tactically~*~*~ (hiding).
  1105 | D:1      | 1105 ||| Stepping ~*~*~tactically~*~*~ (hiding).
  1106 | D:1      | 1106 ||| Stepping ~*~*~tactically~*~*~ (hiding).
  1357 | D:1      | 1357 ||| UPGRADING to +0 scale mail.
  1367 | D:1      | 1367 ||| DROPPING +0 leather armour.
  1368 | D:1      | 1368 ||| READING 2 scrolls labelled EWNAEKE QINU.
  1369 | D:1      | 1369 ||| DROPPING scroll of magic mapping.
  1370 | D:1      | 1370 ||| DROPPING scroll of blinking.
  1780 | D:2      | Noticed Terence
  1781 | D:2      | 1781 ||| Stepping ~*~*~tactically~*~*~ (hiding).
  1782 | D:2      | 1782 ||| Stepping ~*~*~tactically~*~*~ (hiding).
  1789 | D:2      | HP: 3/21 [Terence/+0 trident (5)]
  1791 | D:2      | HP: 1/21 [Terence/+0 trident (1)]
  1794 | D:2      | Mangled by Terence

Levels and vault maps discovered:
D:1:      heliophobic_arrival_enchanted_forest, layout_loops_corners
D:2:      layout_loops_ring, uniq_natasha, uniq_crazy_yiuf_cottage, uniq_terence

Skill      XL: |  1  2  3 |
---------------+----------+-----
Axes           | 3 4 |  4.4
Fighting       | |  2.0
Throwing       | |  1.0
Armour         | |  1.1
Dodging        | |  2.1
Spellcasting   | |  2.0
Translocations | |  2.4

Action                   || total
-------------------------++-------
Melee: Hand axe          ||    81
       Peck              ||    14
       Kick              ||    22
Throw: Boomerang         ||     7
  Use: Scroll            ||     1
Armor: Leather armour    ||     8
       Scale mail        ||    13
Dodge: Dodged            ||    36

Table legend:
 A = Non-vault XP
 B = Vault XP
 C = Vault XP percentage of total XP
 D = Non-vault monster count
 E = Vault monster count
 F = Vault count percentage of total count
                 A         B        C        D         E       F
            +---------+---------+-------+---------+---------+-------
      Total |      70 |       0 |   0.0 |      37 |       0 |   0.0
            +---------+---------+-------+---------+---------+-------
        D:1 |      54 |       0 |   0.0 |      29 |       0 |   0.0
        D:2 |      16 |       0 |   0.0 |       8 |       0 |   0.0
            +---------+---------+-------+---------+---------+-------
